Map: Hardwire LE

Players

Nina

  • Race: Protoss Protoss
  • League: Grandmaster

AgoElazer (Elazer) - Winner!

  • Race: Zerg Zerg

Event: DreamHack SC2 Masters Last Chance 2022

VOD

Have the link to the VOD?

Description

Time

  • Played on: Dec. 19, 2021, 9:12 p.m.
  • Length: 9:59

All games in this series

Show
View Real Time Build Order
Export as new Build Order

Nina Protoss 

Build Orders: 1 Gate Expand, Oracle Opening 

Get SALT Encoding   

  12  0:01  Probe  
  13  0:13  Probe  
  14  0:18  Pylon  
  14  0:25  Probe  
  15  0:37  Gateway  
  15  0:38  Probe (Chrono Boost)  
  16  0:48  Assimilator  
  17  0:50  Probe (Chrono Boost)  
  17  0:55  Probe (Chrono Boost)  
  18  1:04  Probe (Chrono Boost)  
  19  1:16  Probe (Chrono Boost)  
  20  1:24  Nexus  
  20  1:32  Probe  
  20  1:38  Cybernetics Core  
  21  1:44  Probe  
  22  1:50  Assimilator  
  22  1:54  Pylon  
  22  1:56  Probe  
  23  2:12  Probe (Chrono Boost)  
  23  2:14  Adept  
  23  2:15  Warp Gate  
  27  2:23  Probe (Chrono Boost)  
  27  2:28  Probe (Chrono Boost)  
  27  2:29  Stargate  
  28  2:36  Probe (Chrono Boost)  
  30  2:44  Adept, Probe (Chrono Boost)  
  30  2:47  Gateway, Probe (Chrono Boost)  
  30  2:50  Probe (Chrono Boost)  
  34  2:57  Probe  
  35  2:58  Pylon  
  35  3:02  Probe  
  36  3:09  Probe  
  36  3:10  Oracle (Chrono Boost)  
  37  3:14  Probe  
  37  3:19  Adept  
  43  3:21  Probe  
  43  3:27  Probe  
  45  3:29  Pylon  
  45  3:34  Void Ray, Probe  
  46  3:38  Pylon  
  50  3:43  Probe  
  50  3:46  Assimilator, Probe  
  52  3:54  Assimilator  
  52  3:55  Probe  
  52  3:58  Probe  
  54  4:11  Void Ray, Probe x2  
  56  4:23  Zealot, Probe x2  
  64  4:33  Nexus  
  64  4:34  Stargate  
  64  4:35  Probe  
  64  4:37  Pylon  
  61  4:39  Pylon  
  61  4:41  Adept  
  61  4:42  Probe  
  62  4:47  Probe  
  62  4:50  Adept  
  62  4:52  Void Ray  
  65  4:54  Probe  
  71  5:00  Probe  
  71  5:06  Probe, Forge  
  72  5:11  Shield Battery  
  72  5:12  Void Ray (Chrono Boost), Probe  
  72  5:14  Protoss Air Weapons Level 1  
  73  5:18  Probe  
  78  5:27  Pylon  
  78  5:36  Void Ray (Chrono Boost)  
  78  5:38  Probe x2  
  76  5:43  Robotics Facility  
  76  5:46  Probe  
  76  5:47  Void Ray (Chrono Boost)  
  81  5:50  Probe x2  
  81  5:56  Pylon  
  87  5:58  Probe  
  87  6:01  Assimilator  
  87  6:02  Probe x2, Pylon  
  90  6:05  Assimilator  
  90  6:06  Void Ray  
  90  6:10  Probe  
  91  6:14  Probe x2  
  97  6:22  Probe  
  97  6:23  Pylon  
  98  6:25  Pylon  
  98  6:26  Probe x2  
  98  6:31  Photon Cannon  
  104  6:34  Probe  
  104  6:38  Probe x2  
  104  6:39  Photon Cannon  
  107  6:43  Void Ray  
  107  6:44  Nexus  
  107  6:46  Void Ray  
  107  6:47  Pylon  
  107  6:52  Fleet Beacon  
  112  6:54  Probe  
  112  6:57  Photon Cannon  
  112  6:58  Probe  
  113  7:10  Probe  
  113  7:12  Shield Battery  
  113  7:13  Photon Cannon, Probe  
  115  7:18  Observer (Chrono Boost), Pylon  
  115  7:19  Probe  
  115  7:20  Void Ray  
  115  7:22  Robotics Bay  
  117  7:23  Probe  
  117  7:25  Void Ray  
  122  7:30  Stargate  
  122  7:33  Photon Cannon, Shield Battery  
  122  7:35  Probe  
  127  7:41  Observer, Assimilator  
  128  7:44  Assimilator  
  128  7:57  Void Ray  
  128  8:03  Photon Cannon  
  132  8:05  Photon Cannon  
  132  8:08  Photon Cannon  
  132  8:10  Pylon  
  136  8:13  Twilight Council  
  136  8:14  Photon Cannon  
  136  8:18  Void Ray, Probe, Pylon  
  137  8:20  Probe x3  
  137  8:21  Flux Vanes  
  144  8:30  Probe  
  145  8:34  Void Ray (Chrono Boost)  
  145  8:36  Shield Battery  
  145  8:37  Photon Cannon  
  145  8:39  Photon Cannon  
  133  8:49  Disruptor (Chrono Boost)  
  133  8:51  Zealot x2  
  133  8:52  Photon Cannon  
  132  9:03  Void Ray (Chrono Boost)  
  132  9:08  Void Ray (Chrono Boost)  
  136  9:24  Zealot x2  
  115  9:38  Gateway  
  113  9:41  Gateway  
  113  9:44  Gateway  
Show
View Real Time Build Order
Export as new Build Order

AgoElazer Zerg - Winner!

Build Orders: Hatch First 

Get SALT Encoding   

  12  0:00  Drone  
  13  0:12  Overlord  
  13  0:17  Drone  
  14  0:30  Drone x2  
  16  0:47  Hatchery  
  15  0:51  Drone  
  15  0:54  Drone  
  17  0:57  Drone  
  18  1:09  Extractor  
  17  1:13  Spawning Pool  
  17  1:16  Drone  
  17  1:19  Drone  
  18  1:28  Drone  
  19  1:39  Drone  
  20  1:45  Hatchery  
  19  1:50  Drone  
  20  1:59  Queen  
  20  2:01  Drone  
  23  2:04  Drone  
  24  2:10  Drone  
  24  2:13  Overlord  
  25  2:20  Queen  
  27  2:24  Drone  
  28  2:31  Drone  
  28  2:32  Drone x2  
  31  2:37  Queen  
  33  2:46  Drone x2, Metabolic Boost  
  35  2:54  Zergling x2  
  35  2:57  Overlord  
  36  2:59  Queen  
  36  3:05  Drone x3  
  41  3:15  Queen  
  41  3:17  Drone x3  
  46  3:21  Drone  
  46  3:25  Overlord  
  47  3:29  Zergling x6, Spore Crawler  
  47  3:33  Zergling x2  
  50  3:51  Drone x8  
  50  3:55  Overlord x2  
  58  3:58  Queen, Spore Crawler  
  58  4:06  Drone  
  58  4:14  Drone x6  
  58  4:16  Drone  
  63  4:23  Drone  
  64  4:25  Drone x4  
  64  4:30  Overlord  
  68  4:37  Overlord  
  65  4:48  Drone x4  
  65  4:50  Drone x3  
  65  4:52  Queen  
  73  4:53  Overlord  
  73  4:54  Queen  
  73  4:55  Drone x3  
  73  4:57  Hatchery  
  73  4:59  Drone x3  
  80  5:02  Drone x2  
  80  5:05  Extractor  
  80  5:06  Extractor  
  80  5:07  Extractor, Roach Warren  
  80  5:09  Lair  
  78  5:16  Zergling x14  
  78  5:20  Extractor  
  85  5:21  Drone  
  85  5:22  Extractor  
  85  5:23  Drone x2  
  85  5:27  Drone  
  87  5:33  Overlord  
  87  5:35  Drone x3  
  90  5:39  Drone  
  89  5:46  Overlord x2  
  89  5:51  Queen x2  
  89  5:54  Drone x4  
  97  5:59  Overlord  
  100  6:04  Drone x9  
  100  6:06  Spore Crawler  
  100  6:08  Spire  
  104  6:11  Drone  
  104  6:12  Overlord  
  104  6:14  Drone x3  
  104  6:15  Infestation Pit, Drone x2  
  104  6:18  Queen  
  109  6:21  Queen  
  113  6:26  Drone x6  
  122  6:32  Drone x3  
  122  6:35  Queen x2  
  122  6:39  Extractor x2  
  124  6:40  Overlord  
  123  6:53  Overlord  
  123  7:12  Queen x2  
  123  7:13  Overlord  
  123  7:14  Overlord x3  
  127  7:19  Hatchery, Overlord  
  126  7:31  Corruptor x13  
  126  7:32  Corruptor  
  154  7:37  Corruptor  
  154  7:38  Corruptor  
  158  7:44  Corruptor x3  
  161  7:55  Corruptor  
  161  7:56  Corruptor x3  
  166  8:02  Overlord  
  166  8:05  Roach x6  
  178  8:12  Roach x5  
  188  8:19  Overlord  
  187  8:21  Spore Crawler  
  187  8:26  Roach x6  
  198  8:34  Ravager  
  187  9:05  Ravager x2  
  187  9:06  Ravager x11  
  189  9:28  Zergling x12  
  189  9:29  Zergling x6, Corruptor x6  

Tags
 
Add a new tag
Caveats
  • Supply blocks, unpowered buildings, or Contaminate may cause inaccurate times.
  • Supply counts are checked every 10 seconds.